MLB
WASHINGTON NATIONALS @ TORONTO BLUE JAYS
09/17/2098
 
TOP OF THE 1ST
Washington Nationals batting - Pitching for Toronto Blue Jays : LHP Brian Hawkins
Pitching: LHP Brian Hawkins
Batting: RHB Luis Rivera 0-0: Called Strike
0-1: Called Strike
0-2: Strikes out swinging
Batting: SHB Kyle Spencer 0-0: Called Strike
0-1: Ball
1-1: Ground out 4-3 (Groundball, 4, EV 91.9 MPH)
Batting: RHB Jose Orozco 0-0: SINGLE (Line Drive, 6MD, EV 97.5 MPH)
Batting: RHB Jon Young 0-0: Called Strike
0-1: Ball
1-1: Foul Ball, location: 2F
1-2: Ball
2-2: Ball
3-2: Base on Balls
Jose Orozco to second
Batting: RHB Isaiah Williams 0-0: Ball
1-0: Foul Ball, location: 5FF
1-1: Foul Ball, location: 7LSFF
1-2: Strikes out looking
Top of the 1st over - 0 runs, 1 hit, 0 errors, 2 left on base; Washington 0 - Toronto 0
BOTTOM OF THE 1ST
Toronto Blue Jays batting - Pitching for Washington Nationals : RHP William Palmer
Pitching: RHP William Palmer
Batting: LHB Collin Coleman 0-0: Called Strike
0-1: Swinging Strike
0-2: Strikes out swinging
Batting: RHB Greg Whitaker 0-0: Ball
1-0: Ball
2-0: Ball
3-0: Base on Balls
Batting: LHB John Slaff 0-0: Ball
1-0: Called Strike
1-1: Grounds into double play, 4-6-3 (Groundball, 4S, EV 83.1 MPH)
Bottom of the 1st over - 0 runs, 0 hits, 0 errors, 0 left on base; Washington 0 - Toronto 0
TOP OF THE 2ND
Washington Nationals batting - Pitching for Toronto Blue Jays : LHP Brian Hawkins
Batting: LHB Jose Lara 0-0: Swinging Strike
0-1: Called Strike
0-2: Ball
1-2: Ball
2-2: Strikes out swinging
Batting: RHB Mario Garcia 0-0: SOLO HOME RUN (Flyball, 9D, EV 98.1 MPH), Distance : 363 ft
Batting: LHB Sean Weaver 0-0: Foul Ball, location: 2F
0-1: Ball
1-1: Ball
2-1: Fly out, F8 (Flyball, 8RD, EV 101.9 MPH)
Batting: RHB Alan Cecil 0-0: Ball
1-0: Called Strike
1-1: Ground out 5-3 (Groundball, 56, EV 85.6 MPH)
Top of the 2nd over - 1 run, 1 hit, 0 errors, 0 left on base; Washington 1 - Toronto 0
BOTTOM OF THE 2ND
Toronto Blue Jays batting - Pitching for Washington Nationals : RHP William Palmer
Batting: SHB Dennis Desper 0-0: Called Strike
0-1: Foul Ball, location: 2F
0-2: Ball
1-2: Foul Ball, location: 5F
1-2: Ball
2-2: Ball
3-2: SINGLE (Groundball, 34D, EV 97.5 MPH)
Batting: LHB Ramon Anguiano 0-0: Ball
1-0: Called Strike
1-1: Swinging Strike
1-2: Foul Ball, location: 5SF
1-2: Strikes out swinging
Batting: LHB Ryan Ricks 0-0: Ball
1-0: Ball
2-0: Ball
3-0: Called Strike
3-1: Base on Balls
Dennis Desper to second
Batting: RHB Josh Sherman 0-0: Called Strike
0-1: Ball
1-1: Foul Ball, location: 9LMF
1-2: Fly out, F5 (Popup, 56S, EV 70.0 MPH)
Batting: SHB Mark Spalding 0-0: Ball
1-0: Fly out, F6 (Popup, 6M, EV 57.5 MPH)
Bottom of the 2nd over - 0 runs, 1 hit, 0 errors, 2 left on base; Washington 1 - Toronto 0
TOP OF THE 3RD
Washington Nationals batting - Pitching for Toronto Blue Jays : LHP Brian Hawkins
Batting: RHB Luis Rivera 0-0: Ball
1-0: Called Strike
1-1: SINGLE (Line Drive, 9LS, EV 106.9 MPH)
Batting: SHB Kyle Spencer 0-0: Ball
1-0: Ball
2-0: Ball
3-0: Base on Balls
Luis Rivera to second
Batting: RHB Jose Orozco 0-0: 3-RUN HOME RUN (Flyball, 7D, EV 100.0 MPH), Distance : 381 ft
Batting: RHB Jon Young 0-0: Called Strike
0-1: Foul Ball, location: 3F
0-2: Ball
1-2: Ball
2-2: Strikes out swinging, 2-3 out at first.
Batting: RHB Isaiah Williams 0-0: Ball
1-0: SINGLE (Groundball, 4M, EV 105.0 MPH) (infield hit)
Batting: LHB Jose Lara 0-0: Called Strike
0-1: Foul Ball, location: 5DF
0-2: Ball
1-2: Fly out, F7 (Flyball, 7D, EV 94.4 MPH)
Batting: RHB Mario Garcia 0-0: Foul Ball, location: 3SF
0-1: Ball
1-1: Called Strike
1-2: Reached on error, E4 (Groundball, 4D, EV 95.0 MPH)
Isaiah Williams to second
Batting: LHB Sean Weaver 0-0: Called Strike
0-1: Called Strike
0-2: Foul Ball, location: 2F
0-2: DOUBLE (Flyball, 89D, EV 103.1 MPH)
Isaiah Williams scores
Mario Garcia to third
Pitching: RHP Blake Dickerson
Batting: RHB Alan Cecil 0-0: Called Strike
0-1: Called Strike
0-2: Ball
1-2: Foul Ball, location: 3FF
1-2: Ground out 6-3 (Groundball, 6, EV 82.5 MPH)
Top of the 3rd over - 4 runs, 4 hits, 1 error, 2 left on base; Washington 5 - Toronto 0
BOTTOM OF THE 3RD
Toronto Blue Jays batting - Pitching for Washington Nationals : RHP William Palmer
Batting: SHB Alex Carrillo 0-0: Ball
1-0: Foul Ball, location: 9LSFF
1-1: Fly out, F7 (Flyball, 7D, EV 104.4 MPH)
Batting: LHB Collin Coleman 0-0: Called Strike
0-1: Called Strike
0-2: Ball
1-2: Ball
2-2: Ball
3-2: Strikes out swinging, 2-3 out at first.
Batting: RHB Greg Whitaker 0-0: Ball
1-0: Swinging Strike
1-1: Ball
2-1: Foul Ball, location: 2F
2-2: Ball
3-2: Foul Ball, location: 9LSF
3-2: Base on Balls
Batting: LHB John Slaff 0-0: Foul Ball, location: 2LF
0-1: 2-RUN HOME RUN (Flyball, 8LXD, EV 106.9 MPH), Distance : 429 ft
Batting: SHB Dennis Desper 0-0: Called Strike
0-1: Called Strike
0-2: Ball
1-2: Foul Ball, location: 7LMF
1-2: Ball
2-2: SINGLE (Line Drive, 78S, EV 99.4 MPH)
Batting: LHB Ramon Anguiano 0-0: Ball
1-0: Ball
2-0: Ball
3-0: Foul Ball, location: 2F
3-1: Swinging Strike
3-2: Foul Ball, location: 2F
3-2: Strikes out swinging
Bottom of the 3rd over - 2 runs, 2 hits, 0 errors, 1 left on base; Washington 5 - Toronto 2
TOP OF THE 4TH
Washington Nationals batting - Pitching for Toronto Blue Jays : RHP Blake Dickerson
Batting: RHB Luis Rivera 0-0: Ground out U3 (Groundball, 3, EV 89.4 MPH)
Batting: SHB Kyle Spencer 0-0: Ball
1-0: Called Strike
1-1: DOUBLE (Flyball, 8LXD, EV 111.3 MPH)
Pitching: RHP Adrian Korner
Batting: RHB Jose Orozco 0-0: Ball
1-0: Ball
2-0: Foul Ball, location: 2F
2-1: Ball
Wild Pitch!
Kyle Spencer to third
3-1: Foul Ball, location: 3F
3-2: Strikes out swinging
Batting: RHB Jon Young 0-0: SINGLE (Flyball, 8RS, EV 86.9 MPH)
Kyle Spencer scores
Batting: RHB Isaiah Williams 0-0: Ball
1-0: Swinging Strike
1-1: Foul Ball, location: 2LF
1-2: Foul Ball, location: 2RF
1-2: Fly out, F7 (Flyball, 7D, EV 100.6 MPH)
Top of the 4th over - 1 run, 2 hits, 0 errors, 1 left on base; Washington 6 - Toronto 2
BOTTOM OF THE 4TH
Toronto Blue Jays batting - Pitching for Washington Nationals : RHP William Palmer
Batting: LHB Ryan Ricks 0-0: Called Strike
0-1: Foul Ball, location: 9LMF
0-2: DOUBLE (Flyball, 89D, EV 103.1 MPH)
Batting: RHB Josh Sherman 0-0: 2-RUN HOME RUN (Flyball, 7LD, EV 91.3 MPH), Distance : 336 ft
Batting: SHB Mark Spalding 0-0: Swinging Strike
0-1: Called Strike
0-2: Fly out, F9 (Flyball, 89M, EV 78.8 MPH)
Batting: SHB Alex Carrillo 0-0: Foul Ball, location: 7LMF
0-1: Ground out 6-3 (Groundball, 56, EV 81.9 MPH)
Batting: LHB Collin Coleman 0-0: Ball
1-0: Ball
2-0: Foul Ball, location: 2F
2-1: Ball
3-1: Called Strike
3-2: SINGLE (Line Drive, 7S, EV 93.1 MPH)
Batting: RHB Greg Whitaker 0-0: Ball
1-0: Foul Ball, location: 2LF
1-1: SINGLE (Groundball, 5D, EV 100.6 MPH)
Collin Coleman to second
Runner from 2nd tries for 3rd, SAFE, throw by LF made to third
Batting: LHB John Slaff 0-0: Called Strike
0-1: Ball
1-1: SINGLE (Flyball, 4D, EV 91.3 MPH)
Collin Coleman scores
Greg Whitaker to second
Runner from 2nd tries for 3rd, SAFE, no throw by CF
Batting: SHB Dennis Desper 0-0: Ball
1-0: Ball
2-0: Called Strike
2-1: Ball
3-1: Base on Balls
John Slaff to second
Batting: LHB Ramon Anguiano 0-0: Foul Ball, location: 2F
0-1: Ball
1-1: Ball
2-1: Foul Ball, location: 2F
2-2: Foul Ball, location: 2F
2-2: Fielders Choice at 2nd, U6 (Groundball, 6M, EV 86.3 MPH)
Bottom of the 4th over - 3 runs, 5 hits, 0 errors, 3 left on base; Washington 6 - Toronto 5
TOP OF THE 5TH
Washington Nationals batting - Pitching for Toronto Blue Jays : RHP Adrian Korner
Pitching: RHP Adam Lyons
Batting: LHB Jose Lara 0-0: Ball
1-0: Ball
2-0: Called Strike
2-1: Swinging Strike
2-2: Strikes out swinging
Batting: RHB Mario Garcia 0-0: Called Strike
0-1: Ball
1-1: Swinging Strike
1-2: Ball
2-2: Foul Ball, location: 23FF
2-2: Ball
3-2: Foul Ball, location: 2F
3-2: Foul Ball, location: 2F
3-2: Fly out, F8 (Flyball, 89D, EV 100.6 MPH)
Batting: LHB Sean Weaver 0-0: Ball
1-0: Called Strike
1-1: Foul Ball, location: 5SF
1-2: Ball
2-2: Foul Ball, location: 7LSF
2-2: Strikes out swinging
Top of the 5th over - 0 runs, 0 hits, 0 errors, 0 left on base; Washington 6 - Toronto 5
BOTTOM OF THE 5TH
Toronto Blue Jays batting - Pitching for Washington Nationals : RHP William Palmer
Batting: LHB Ryan Ricks 0-0: Ball
1-0: Ball
2-0: Called Strike
2-1: Ball
3-1: Swinging Strike
3-2: Foul Ball, location: 5F
3-2: Strikes out swinging
Batting: RHB Josh Sherman 0-0: Ball
1-0: Fly out, F4 (Popup, 4MS, EV 75.0 MPH)
Batting: SHB Mark Spalding 0-0: Foul Ball, location: 23F
0-1: Ball
1-1: SINGLE (Line Drive, 56, EV 101.9 MPH)
Pitching: RHP Kyle Barr
Batting: SHB Alex Carrillo 0-0: Foul Ball, location: 5F
0-1: Ball
1-1: Ball
2-1: Foul Ball, location: 23FF
2-2: Ball
3-2: SINGLE (Flyball, 6D, EV 92.5 MPH)
Mark Spalding to second
Mark Spalding to third
Batting: LHB Collin Coleman 0-0: Ball
1-0: Swinging Strike
1-1: Foul Ball, location: 2F
1-2: Ball
2-2: Strikes out swinging
Bottom of the 5th over - 0 runs, 2 hits, 0 errors, 2 left on base; Washington 6 - Toronto 5
TOP OF THE 6TH
Washington Nationals batting - Pitching for Toronto Blue Jays : RHP Adam Lyons
Batting: RHB Alan Cecil 0-0: Ball
1-0: Called Strike
1-1: Foul Ball, location: 2F
1-2: Ball
2-2: Strikes out looking
Batting: RHB Luis Rivera 0-0: Ball
1-0: Ball
2-0: Called Strike
2-1: Swinging Strike
2-2: Strikes out swinging
Batting: SHB Kyle Spencer 0-0: Ball
1-0: Ball
2-0: Called Strike
2-1: Called Strike
2-2: Ball
3-2: Fly out, F7 (Flyball, 7D, EV 86.3 MPH)
Top of the 6th over - 0 runs, 0 hits, 0 errors, 0 left on base; Washington 6 - Toronto 5
BOTTOM OF THE 6TH
Toronto Blue Jays batting - Pitching for Washington Nationals : RHP Kyle Barr
Batting: RHB Greg Whitaker 0-0: Fly out, F8 (Flyball, 8RD, EV 101.3 MPH)
Batting: LHB John Slaff 0-0: Ball
1-0: Ball
2-0: SINGLE (Groundball, P, EV 83.1 MPH) (infield hit)
Batting: SHB Dennis Desper 0-0: Called Strike
0-1: Ball
1-1: Foul Ball, location: 2F
1-2: Strikes out swinging
Batting: LHB Ramon Anguiano 0-0: Called Strike
0-1: Ball
1-1: Ball
2-1: Ball
3-1: Base on Balls
John Slaff to second
Batting: LHB Ryan Ricks 0-0: Called Strike
0-1: Called Strike
0-2: Ball
1-2: Ball
2-2: Ball
3-2: Base on Balls
John Slaff to third
Ramon Anguiano to second
Batting: RHB Josh Sherman 0-0: Ball
1-0: Ball
2-0: Called Strike
2-1: Swinging Strike
2-2: Foul Ball, location: 2F
2-2: Fielders Choice at 2nd, U6 (Groundball, 6M, EV 87.5 MPH)
Bottom of the 6th over - 0 runs, 1 hit, 0 errors, 3 left on base; Washington 6 - Toronto 5
TOP OF THE 7TH
Washington Nationals batting - Pitching for Toronto Blue Jays : RHP Adam Lyons
Pitching: RHP Ryan Czarnecki
Batting: RHB Jose Orozco 0-0: Called Strike
0-1: Swinging Strike
0-2: Ball
1-2: Foul Ball, location: 25F
1-2: Strikes out swinging
Batting: RHB Jon Young 0-0: Foul Ball, location: 9LMF
0-1: Ball
1-1: Called Strike
1-2: Strikes out swinging
Batting: RHB Isaiah Williams 0-0: Called Strike
0-1: Ball
1-1: SOLO HOME RUN (Flyball, 7D, EV 103.1 MPH), Distance : 385 ft
Batting: LHB Jose Lara 0-0: Ground out 4-3 (Groundball, 4MD, EV 98.8 MPH)
Top of the 7th over - 1 run, 1 hit, 0 errors, 0 left on base; Washington 7 - Toronto 5
BOTTOM OF THE 7TH
Toronto Blue Jays batting - Pitching for Washington Nationals : RHP Kyle Barr
Pitching: RHP Gene Bowman
Batting: SHB Mark Spalding 0-0: Swinging Strike
0-1: Called Strike
0-2: Ball
1-2: Strikes out swinging
Batting: SHB Alex Carrillo 0-0: Swinging Strike
0-1: Called Strike
0-2: Strikes out looking
Batting: LHB Collin Coleman 0-0: Ball
1-0: Ground out 6-3 (Groundball, 6, EV 85.6 MPH)
Bottom of the 7th over - 0 runs, 0 hits, 0 errors, 0 left on base; Washington 7 - Toronto 5
TOP OF THE 8TH
Washington Nationals batting - Pitching for Toronto Blue Jays : RHP Ryan Czarnecki
Batting: RHB Mario Garcia 0-0: Fly out, F6 (Popup, 6MD, EV 60.6 MPH)
Batting: LHB Sean Weaver 0-0: Ball
1-0: Swinging Strike
1-1: Ball
2-1: Swinging Strike
2-2: Strikes out swinging
Batting: RHB Alan Cecil 0-0: Ball
1-0: Called Strike
1-1: Ball
2-1: Called Strike
2-2: Fly out, F4 (Popup, 3DF, EV 65.6 MPH)
Top of the 8th over - 0 runs, 0 hits, 0 errors, 0 left on base; Washington 7 - Toronto 5
BOTTOM OF THE 8TH
Toronto Blue Jays batting - Pitching for Washington Nationals : RHP Gene Bowman
Batting: RHB Greg Whitaker 0-0: Ball
1-0: Fly out, F9 (Flyball, 9D, EV 93.8 MPH)
Batting: LHB John Slaff 0-0: Ball
1-0: Foul Ball, location: 23FF
1-1: Ball
2-1: Ball
3-1: Called Strike
3-2: Ground out 4-3 (Groundball, 34D, EV 100.6 MPH)
Batting: SHB Dennis Desper 0-0: Ball
1-0: Swinging Strike
1-1: Swinging Strike
1-2: Foul Ball, location: 25FF
1-2: Ball
2-2: Ball
3-2: Foul Ball, location: 5SF
3-2: Foul Ball, location: 5DF
3-2: Fly out, F6 (Popup, 6S, EV 64.4 MPH)
Bottom of the 8th over - 0 runs, 0 hits, 0 errors, 0 left on base; Washington 7 - Toronto 5
TOP OF THE 9TH
Washington Nationals batting - Pitching for Toronto Blue Jays : RHP Ryan Czarnecki
Batting: RHB Luis Rivera 0-0: Ball
1-0: Swinging Strike
1-1: Foul Ball, location: 9LDF
1-2: Strikes out swinging
Pitching: RHP Victor Urueta
Batting: SHB Kyle Spencer 0-0: Ball
1-0: Called Strike
1-1: SINGLE (Groundball, 6MD, EV 96.3 MPH)
Batting: RHB Jose Orozco 0-0: Ball
1-0: Grounds into double play, 5-4-3 (Groundball, 56, EV 106.9 MPH)
Top of the 9th over - 0 runs, 1 hit, 0 errors, 0 left on base; Washington 7 - Toronto 5
BOTTOM OF THE 9TH
Toronto Blue Jays batting - Pitching for Washington Nationals : RHP Gene Bowman
Pitching: LHP Dave Driskill
Pinch Hitting: RHB Danny Daugherty 0-0: Ball
1-0: Foul Ball, location: 7LDF
1-1: Ball
2-1: SINGLE (Groundball, 34S, EV 70.0 MPH) (infield hit)
Pinch Hitting: RHB John Johansen 0-0: Ball
1-0: SINGLE (Groundball, 6MD, EV 100.0 MPH)
Danny Daugherty to second
Batting: RHB Josh Sherman 0-0: Ball
1-0: Swinging Strike
1-1: Foul Ball, location: 2F
1-2: Foul Ball, location: 5FF
1-2: Strikes out swinging
Pinch Hitting: RHB Victor Ramirez 0-0: Foul Ball, location: 2F
0-1: Ball
1-1: Ball
2-1: Swinging Strike
2-2: Ball
3-2: Base on Balls
Danny Daugherty to third
John Johansen to second
Pinch Hitting: RHB Ricky Ulloa 0-0: Called Strike
0-1: DOUBLE (Line Drive, 89D, EV 105.6 MPH)
Danny Daugherty scores
John Johansen scores
Victor Ramirez to third
Runner from 3rd tries for Home, SAFE, no throw by CF
Bottom of the 9th over - 3 runs, 3 hits, 0 errors, 1 left on base; Washington 7 - Toronto 8
Sunday, April 14th , 2024 - OOTP Baseball 24.11 Build 85